 Dungeon Crawl Stone Soup version 0.30.0-5-g1a98f26d00 (webtiles) character file.

Game seed: 11097590193407317714

457 firemarshallily the Poker (level 7, 0/52 HPs)
             Began as a Gnoll Wanderer on May 8, 2023.
             Slain by a kobold brigand
             ... wielding a +0 whip
              (5 damage)
             ... on level 3 of the Dungeon.
             The game lasted 00:09:48 (3241 turns).

firemarshallily the Poker (Gnoll Wanderer)          Turns: 3241, Time: 00:09:49

Health: 0/52       AC:  6    Str: 13    XL:     7   Next: 6%
Magic:  12/12      EV:  9    Int: 13    God:
Gold:   339        SH:  0    Dex: 10    Spells: 12/13 levels left

rFire   + . .        a - +2 spear
rCold   . . .        (no shield)
rNeg    . . .        b - +0 scale mail
rPois   .            (helmet restricted)
rElec   .            (no cloak)
rCorr   .            (no gloves)
SInv    .            (no boots)
Will    .....        (no amulet)
Stlth   +            (no ring)
HPRegen 0.28/turn    (no ring)
MPRegen 0.13/turn

%: no passive effects
@: brilliant
A: fangs 1, strong nose, distributed training, horns 1, fire resistance 1
a: no special abilities


You were on level 3 of the Dungeon.
You visited 1 branch of the dungeon, and saw 3 of its levels.

You collected 339 gold pieces.

Inventory:

Hand Weapons
 a - a +2 spear (weapon)
Missiles
 q - a curare-tipped dart
 r - 8 poisoned darts (quivered)
Armour
 b - a +0 scale mail (worn)
Wands
 p - a wand of digging (2)
Scrolls
 c - a scroll of fog
 f - 2 scrolls of identify
 i - 2 scrolls of amnesia {unknown}
 j - a scroll of teleportation
 l - a scroll of magic mapping {unknown}
 m - a scroll of poison


   Skills:
 + Level 3.5 Fighting
 + Level 2.3 Short Blades
 + Level 2.3 Long Blades
 + Level 2.3 Axes
 + Level 2.3 Maces & Flails
 + Level 7.0 Polearms
 + Level 2.3 Staves
 + Level 2.3 Ranged Weapons
 + Level 2.3 Throwing
 + Level 3.5 Armour
 + Level 2.3 Dodging
 + Level 3.3 Stealth
 + Level 2.3 Shields
 + Level 2.3 Unarmed Combat
 + Level 3.7 Spellcasting
 + Level 1.9 Conjurations
 + Level 1.9 Hexes
 + Level 1.9 Summonings
 + Level 1.9 Necromancy
 + Level 5.8 Translocations
 + Level 1.9 Transmutations
 + Level 1.9 Fire Magic
 + Level 1.9 Ice Magic
 + Level 1.9 Air Magic
 + Level 1.9 Earth Magic
 + Level 1.9 Poison Magic
 + Level 2.5 Invocations
 + Level 2.3 Evocations


You had 12 spell levels left.
You knew the following spells:

 Your Spells              Type           Power      Damage    Failure   Level
a - Apportation           Tloc           52%        N/A       9%          1

Your spell library contained the following spells:

 Spells                   Type           Power      Damage    Failure   Level
 Teleport Other           Tloc           26%        N/A       26%         3
 Beastly Appendage        Tmut           22%        N/A       38%         1
 Wereblood                Tmut           11%        N/A       54%         2
 Spider Form              Tmut/Pois      11%        N/A       77%         3


Dungeon Overview and Level Annotations

Branches:
Dungeon (3/15)

Altars:
Zin

Annotations:
D:3 2 transporters, PoweredByGinger's ghost, amateur MiFi


Innate Abilities, Weirdness & Mutations

You have very sharp teeth.
Your uncanny sense of smell can sniff out nearby items.
Your experience applies equally to all skills.
You have a pair of small horns on your head.
Your flesh is heat resistant. (rF+)


Message History

You headbutt the kobold.
The kobold is severely wounded.
The kobold is attracted toward you.
The kobold brigand is attracted toward you.
You close the door.
You barely miss the kobold. You bite the kobold.
You kill the kobold!
There is an open door, spattered with blood here.
You see here a +0 club.
You close the door, pushing everything out of the way.
You start resting.
Your extra speed is starting to run out.
You start resting.
You feel yourself slow down.
A kobold brigand breaks down the door.
The kobold brigand is attracted toward you.
You miss the kobold brigand.
The kobold brigand is moderately wounded.
You hit the kobold brigand.
The kobold brigand is moderately wounded.
The kobold brigand barely misses you.
You barely miss the kobold brigand.
The kobold brigand is moderately wounded.
The kobold brigand hits you with a +0 whip!
* * * LOW HITPOINT WARNING * * *
You feel less attractive to monsters.
You aren't carrying any potions.
You closely miss the kobold brigand.
The kobold brigand is moderately wounded.
The kobold brigand hits you but does no damage.
You barely miss the kobold brigand. You headbutt the kobold brigand.
The kobold brigand is heavily wounded.
The kobold brigand hits you but does no damage.
You barely miss the kobold brigand.
Your headbutt misses the kobold brigand.
The kobold brigand is heavily wounded.
You completely miss the kobold brigand.
The kobold brigand is heavily wounded.
The kobold brigand hits you with a +0 whip.
You die...

###### ########################
.....## ##.....#.......#....#....
......###......')......#....#....
.......#.......#########....#####
....†..#..............#......#...
....(.†+.......)......'......'...
....(KK#)......)......#......#...
....K§.#......)#########....#####
..§§§.###......K@......#....#....
.....## ##.....#.......#.)).#....
#########################''######
≈≈≈≈≈≈≈≈≈≈≈≈≈≈≈≈≈≈~.....~~≈≈≈
≈≈≈≈≈≈≈≈≈≈≈≈≈≈≈≈≈≈≈~~~.....~≈~≈
~~~~~~≈~~~~~~~~~~~~~~......~~~≈
.~.~...~.~...~~.~..~~~....~~.~.
...............................
...............................


You could see a kobold brigand.

Vanquished Creatures
  3 kobold brigands
  Jessica (D:3)
  12 gnolls
  2 adders
  2 worms
  A dart slug (D:2)
  3 ball pythons
  3 endoplasms
  5 giant cockroaches
  7 goblins
  5 hobgoblins (D:3)
  4 quokkas
  A bat (D:1)
  3 frilled lizards (D:1)
  38 kobolds
  5 rats
95 creatures vanquished.

Notes
Turn   | Place    | Note
-------+----------+-------------------------------------------
     0 | D:1      | firemarshallily the Gnoll Wanderer began the quest for the
                  | Orb.
     0 | D:1      | firemarshallily set off with the following items: a +2
                  | spear, a +0 scale mail, a scroll of fog; and the following
                  | spell memorised: Apportation; and the following spells
                  | available to memorise: Teleport Other.
     0 | D:1      | Reached XP level 1. HP: 17/17 MP: 4/4
   159 | D:1      | Reached XP level 2. HP: 23/23 MP: 5/5
   886 | D:2      | Reached XP level 3. HP: 27/28 MP: 7/7
   921 | D:2      | Reached skill level 1 in Invocations
  1453 | D:2      | Reached skill level 1 in Short Blades
  1453 | D:2      | Reached skill level 1 in Long Blades
  1453 | D:2      | Reached skill level 1 in Axes
  1453 | D:2      | Reached skill level 1 in Maces & Flails
  1453 | D:2      | Reached skill level 1 in Staves
  1453 | D:2      | Reached skill level 1 in Ranged Weapons
  1453 | D:2      | Reached skill level 1 in Throwing
  1453 | D:2      | Reached skill level 1 in Dodging
  1453 | D:2      | Reached skill level 1 in Shields
  1453 | D:2      | Reached skill level 1 in Unarmed Combat
  1453 | D:2      | Reached skill level 1 in Evocations
  1681 | D:3      | Found a transporter.
  1728 | D:3      | Found a transporter.
  1732 | D:3      | Noticed PoweredByGinger's ghost (amateur MiFi)
  1812 | D:3      | Found a glowing silver altar of Zin.
  1829 | D:3      | Reached XP level 4. HP: 34/34 MP: 8/8
  1841 | D:3      | Noticed Jessica
  1845 | D:3      | Killed Jessica
  1846 | D:3      | Reached skill level 1 in Conjurations
  1846 | D:3      | Reached skill level 1 in Hexes
  1846 | D:3      | Reached skill level 1 in Summonings
  1846 | D:3      | Reached skill level 1 in Necromancy
  1846 | D:3      | Reached skill level 1 in Transmutations
  1846 | D:3      | Reached skill level 1 in Fire Magic
  1846 | D:3      | Reached skill level 1 in Ice Magic
  1846 | D:3      | Reached skill level 1 in Air Magic
  1846 | D:3      | Reached skill level 1 in Earth Magic
  1846 | D:3      | Reached skill level 1 in Poison Magic
  1902 | D:3      | Reached XP level 5. HP: 34/40 MP: 9/9
  1945 | D:3      | Noticed a kobold brigand
  1957 | D:3      | Killed a kobold brigand
  2028 | D:3      | Noticed a kobold brigand
  2063 | D:3      | Found a faded altar of an unknown god.
  2194 | D:3      | Killed a kobold brigand
  2195 | D:3      | Reached XP level 6. HP: 19/47 MP: 9/11
  2901 | D:3      | Gained mutation: You have a pair of small horns on your
                  | head. [potion of mutation]
  2901 | D:3      | Gained mutation: Your flesh is heat resistant. (rF+)
                  | [potion of mutation]
  3044 | D:3      | Reached skill level 7 in Polearms
  3044 | D:3      | Reached XP level 7. HP: 43/52 MP: 12/12
  3241 | D:3      | Slain by a kobold brigand

Illustrated notes

Levels and vault maps discovered:
D:1:      wheals_arrival_shading, layout_loops_cross
D:2:      layout_basic, minivault_19
D:3:      minmay_goblin_kobold_castle, layout_basic,
          mainiacjoe_overflow_six_doors_small,
          shapermc_ecumenical_altar_acropolis, gammafunk_ghost_stat_death,
          uniq_jessica

Skill      XL: |  1  2  3  4  5  6 |
---------------+-------------------+-----
Invocations    | 1 2 |  2.5
Short Blades   | 1 2 |  2.3
Long Blades    | 1 2 |  2.3
Axes           | 1 2 |  2.3
Maces & Flails | 1 2 |  2.3
Staves         | 1 2 |  2.3
Ranged Weapons | 1 2 |  2.3
Throwing       | 1 2 |  2.3
Dodging        | 1 2 |  2.3
Shields        | 1 2 |  2.3
Unarmed Combat | 1 2 |  2.3
Evocations     | 1 2 |  2.3
Spellcasting   | 3 |  3.7
Conjurations   | 1 |  1.9
Hexes          | 1 |  1.9
Summonings     | 1 |  1.9
Necromancy     | 1 |  1.9
Transmutations | 1 |  1.9
Fire Magic     | 1 |  1.9
Ice Magic      | 1 |  1.9
Air Magic      | 1 |  1.9
Earth Magic    | 1 |  1.9
Poison Magic   | 1 |  1.9
Fighting       | 3 |  3.5
Armour         | 3 |  3.5
Stealth        | 3 |  3.3
Polearms       | 7 |  7.0
Translocations | |  5.8

Action                     |  1- 3 |  4- 6 |  7- 9 || total
---------------------------+-------+-------+-------++-------
  Melee: Spear             |   118 |   174 |    45 ||   337
         Bite              |    10 |    15 |     6 ||    31
         Punch             |       |     4 |     2 ||     6
         Headbutt          |       |     1 |    10 ||    11
  Throw: Dart              |       |     1 |       ||     1
    Use: Scroll            |     2 |       |     2 ||     4
         Potion            |       |     3 |     3 ||     6
   Stab: Fleeing           |       |       |     1 ||     1
 Armour: Scale mail        |    35 |    50 |    22 ||   107
  Dodge: Dodged            |    22 |    74 |    22 ||   118
